cohdb
Replays
Latest Replays
All Replays
Popular Replays
Top Player Replays
Match Explorer
How It Works
Community
CoH3 Stats
Reddit
Sign in to upload your games and track your stats! →
Sign in with Steam
Match 41534001
Unlisted
Match 41534001
Overview
Messages
Build Orders
End
Pioneer Squad
Construct Infanterie Kompanie
MG 42 Machine Gun Team
Grenadier Squad
GrW 34 Mortar Team
Construct Panzergrenadier Kompanie
251 Medium Carrier
Selects Luftwaffe Battlegroup
Selects Stuka Strafing Run
Selects Fallschirmjäger Squad Paradrop
Fallschirmjäger Squad Paradrop
Fallschirmjäger Squad Paradrop
Pioneer Squad
Panzergrenadier Officer Quarters
Pak 40 Anti-tank Gun Team
Medical Bunker
Selects Luftwaffe Pioneer Support
Pak 40 Anti-tank Gun Team
Nubbl0r
Orion
0
0
Comments
sign in to comment!
No comments posted yet!